 Seeded DCSS version 0.31-a0-210-gccc998df9b (webtiles) character file.

Game seed: 11342892107059164510 (custom seed)

77 innerfire43 the Trooper (level 4, 0/37 HPs)
             Began as a Demonspawn Monk on June 29, 2023.
             Slain by a gnoll
             ... wielding a +0 club
             ... led by a gnoll bouda
              (6 damage)
             ... on level 2 of the Dungeon.
             The game lasted 00:01:07 (1106 turns).

innerfire43 the Trooper (Demonspawn Monk)           Turns: 1106, Time: 00:01:07

Health: 0/37       AC:  9    Str: 13    XL:     4   Next: 14%
Magic:  4/4        EV: 13    Int: 11    God:
Gold:   67         SH:  0    Dex: 16    Spells: 3/3 levels left

rFire   . . .        a - +0 hand axe
rCold   . . .        d - orb {light}
rNeg    . . .        b - +0 robe
rPois   .            (no helmet)
rElec   .            (no cloak)
rCorr   .            (no gloves)
SInv    .            (no boots)
Will    .....        i - amulet of the acrobat
Stlth   +            h - +4 ring of protection
HPRegen 0.26/turn    (no ring)
MPRegen 0.09/turn

%: acrobat
@: confused, ambrosia-drunk, weakened, glowing
A: molten scales 2, weakness stinger 1
a: no special abilities


You were on level 2 of the Dungeon.
You visited 1 branch of the dungeon, and saw 2 of its levels.

You collected 67 gold pieces.

Inventory:

Hand Weapons
 a - a +0 hand axe (weapon)
Armour
 b - a +0 robe (worn)
 d - an orb of light (worn)
Jewellery
 h - a +4 ring of protection (left hand)
 i - an amulet of the acrobat (around neck)
Scrolls
 e - a scroll of revelation {unknown}
 f - 2 scrolls of noise {unknown}
 g - a scroll of vulnerability {unknown}
 j - a scroll of identify {unknown}
 l - a scroll of brand weapon {unknown}
 m - a scroll of enchant armour {unknown}
Potions
 k - a potion of curing {unknown}


   Skills:
 * Level 3.9 Fighting
 + Level 3.1 Axes
 * Level 3.5 Dodging


You had 3 spell levels left.
You didn't know any spells.
Your spell library was empty.

Dungeon Overview and Level Annotations

Branches:
Dungeon (2/15)

Altars:


Innate Abilities, Weirdness & Mutations

You are mostly covered in molten scales. (AC +3)
You have a small tail.


Message History

Unknown command.
The gnoll is no longer moving quickly.
The gnoll misses you. The gnoll completely misses you.
The gnoll closely misses you.
The gnoll bouda barks out a call to the hunt!
The gnoll picks up the pace!
Things that are here:
a +0 dagger; a goblin corpse Unknown command.
You hit the gnoll but do no damage. You hit the gnoll bouda. You hit the gnoll.
Your attacks no longer feel as feeble.
The gnoll hits you with a +0 spear. The gnoll hits you with a +0 club.
The gnoll hits you from afar with a +0 halberd.
The gnoll bouda hits you with a +0 club.
The gnoll attacks as you move away! The gnoll misses you.
The gnoll completely misses you.
The gnoll bouda gazes fiercely through you!
You feel your attacks grow feeble.
The gnoll bouda hits you with a +0 club.
You hit the gnoll.
The gnoll is moderately wounded.
You hit the gnoll bouda but do no damage.
The gnoll hits you but does no damage. The gnoll barely misses you.
The gnoll bouda gazes fiercely through you!
You feel as though you will be weak longer.
The gnoll bouda hits you with a +0 club.
* * * LOW HITPOINT WARNING * * *
The gnoll misses you. The gnoll barely misses you.
You are confused.
You feel invigorated.
The gnoll hits you from afar with a +0 spear.
* * * LOW HITPOINT WARNING * * *
The gnoll bouda hits you with a +0 club.
* * * LOW HITPOINT WARNING * * *
The gnoll barely misses you. The gnoll closely misses you.
You bump into the rock wall.
The gnoll completely misses you.
The gnoll bouda gazes fiercely through you!
You feel as though you will be weak longer.
The gnoll bouda hits you but does no damage.
The gnoll barely misses you. The gnoll hits you with a +0 club.
You die...

##..........#.....#.....
#.....(.....#..#..#.#...
#.......#...........#.##
#.......####.....#.##.##
#.........##.....#.##...
#......##.#......#.####.
#........>......#.......
#.....####..##..........
#######@g....#..........
########g##.#.####.......
#......gg##.#..# #.....†.
#........##.##.###.......
#........##.##...#.......
#.....?..##.####.#.......
#........##......#.......
#........######......####
#........+ #......#


You could see a gnoll bouda and 3 gnolls.

Vanquished Creatures
  2 adders (D:2)
  A gnoll (D:2)
  A worm (D:2)
  3 dart slugs (D:1)
  3 bats (D:1)
  2 endoplasms
  A giant cockroach (D:1)
  5 goblins
  4 hobgoblins
  6 jackals (D:1)
  2 quokkas
  2 ball pythons (D:1)
  3 kobolds
  A rat (D:1)
36 creatures vanquished.

Notes
Turn   | Place    | Note
-------+----------+-------------------------------------------
     0 | D:1      | innerfire43 the Demonspawn Monk began the quest for the
                  | Orb.
     0 | D:1      | Reached XP level 1. HP: 18/18 MP: 1/1
    94 | D:1      | Gained mutation: You are partially covered in molten
                  | scales. (AC +2) [demonic ancestry]
    94 | D:1      | Reached XP level 2. HP: 21/24 MP: 2/2
   335 | D:1      | Gained mutation: You have a small tail. [demonic ancestry]
   335 | D:1      | Reached XP level 3. HP: 28/29 MP: 3/3
  1099 | D:2      | Gained mutation: You are mostly covered in molten scales.
                  | (AC +3) [demonic ancestry]
  1099 | D:2      | Reached XP level 4. HP: 28/37 MP: 4/4
  1106 | D:2      | Slain by a gnoll

Illustrated notes

Levels and vault maps discovered:
D:1:      ldierk_walled_garden, layout_basic
D:2:      layout_basic, ebering_ecumenical_altar_hall

Skill      XL: |  1  2  3 |
---------------+----------+-----
Dodging        | 3 |  3.5
Axes           | 3 |  3.1
Fighting       | |  3.9

Action                     |  1- 3 |  4- 6 || total
---------------------------+-------+-------++-------
  Melee: Hand axe          |    95 |     4 ||    99
         Tailslap          |    12 |       ||    12
    Use: Potion            |       |     1 ||     1
 Armour: Robe              |    32 |     3 ||    35
  Dodge: Dodged            |    82 |    15 ||    97

Table legend: (Time is in decaauts)
 A = Elapsed time spent in this place.
 B = Non-inter-level travel time spent in this place.
 C = Inter-level travel time spent in this place.
 D = Time resting spent in this place.
 E = Time spent auto-exploring this place.
 F = Levels seen in this place.
 G = Mean time per level.
                   A        B        C        D        E       F      G
               +--------+--------+--------+--------+--------+-----+--------+
         Total |   1121 |   1053 |     68 |      0 |    824 |   2 |  560.5 |
       Dungeon |   1121 |   1053 |     68 |      0 |    824 |   2 |  560.5 |
               +--------+--------+--------+--------+--------+-----+--------+

Top non-repeatable levels by time:
     D:1: 912 daAuts
     D:2: 208 daAuts
